[ AOE2 MATCH · #461229068 ]
1v1 RMPoles vs Poles
Player's team · WIN
Rival team · LOSS
[ REPLAY ANALYSIS · EXTRACTED FROM THE RECORDED GAME ]
Feudal
10:58
Castle
14:40
Imperial
25:51
| APM avg | 44.9 |
| APM peak | 77 |
| eAPM avg | 25.0 |
| Villagers / military | 147 / 221 |
Focus
⚔️ 35.5% · 🌾 64.5%
Scout Cavalry ×133 · Cavalry Archer ×78 · Monk ×4 · Trebuchet (Packed) ×4 · Bombard Cannon ×2
Feudal
10:56
Castle
14:26
Imperial
28:43
| APM avg | 40.5 |
| APM peak | 98 |
| eAPM avg | 20.3 |
| Villagers / military | 157 / 449 |
Focus
⚔️ 37.4% · 🌾 62.6%
Knight ×192 · Scout Cavalry ×141 · Skirmisher ×70 · Obuch ×35 · Trebuchet (Packed) ×5 · Battering Ram ×5
Match map
Resources at game start + every placement click. Thick line = wall · dashed box = detected house wall. 🟡 gold · ⚪ stone · 🟢 berries · 🔶 boar · ⭕ relic
Inputs per minute
— ForVengeance - - Wazded
Build order — ForVengeance
First 150 of 519 actions detected
| 0:00 | Create | Villager (Male) |
| 0:00 | Create | Villager (Male) |
| 0:01 | Create | Villager (Male) |
| 0:02 | Build | House |
| 0:03 | Build | House |
| 0:17 | Create | Villager (Male) |
| 0:57 | Build | Lumber Camp |
| 1:24 | Create | Villager (Male) |
| 2:08 | Create | Villager (Male) |
| 2:30 | Create | Villager (Male) |
| 2:53 | Create | Villager (Male) |
| 3:21 | Create | Villager (Male) |
| 3:31 | Build | Mill |
| 3:43 | Build | Mill |
| 3:46 | Create | Villager (Male) |
| 4:08 | Create | Villager (Male) |
| 4:08 | Create | Villager (Male) |
| 4:35 | Create | Villager (Male) |
| 4:57 | Create | Villager (Male) |
| 5:16 | Build | Mill |
| 5:25 | Create | Villager (Male) |
| 5:34 | Create | Villager (Male) |
| 5:48 | Create | Villager (Male) |
| 6:32 | Create | Villager (Male) |
| 6:33 | Create | Villager (Male) |
| 6:33 | Create | Villager (Male) |
| 6:57 | Create | Villager (Male) |
| 7:05 | Create | Villager (Male) |
| 7:53 | Create | Villager (Male) |
| 8:09 | Build | Mining Camp |
| 8:48 | Research | Feudal Age |
| 8:49 | Research | Feudal Age |
| 8:52 | Build | Barracks |
| 8:54 | Build | House |
| 9:01 | Build | Farm |
| 9:02 | Build | Farm |
| 9:36 | Create | Villager (Male) |
| 9:36 | Create | Villager (Male) |
| 9:45 | Build | Farm |
| 10:11 | Build | Farm |
| 10:58 | Age | Feudal Age |
| 11:01 | Build | Stable |
| 11:19 | Build | Blacksmith |
| 11:51 | Build | Farm |
| 12:00 | Research | Castle Age |
| 12:00 | Research | Castle Age |
| 12:16 | Research | Horse Collar |
| 12:33 | Build | Farm |
| 12:52 | Research | Double-Bit Axe |
| 13:09 | Build | Farm |
| 13:13 | Build | Farm |
| 13:15 | Build | Farm |
| 13:21 | Create | Scout Cavalry |
| 13:37 | Build | House |
| 13:38 | Build | House |
| 13:49 | Create | Scout Cavalry |
| 14:15 | Create | Scout Cavalry |
| 14:17 | Create | Villager (Male) |
| 14:40 | Age | Castle Age |
| 14:48 | Build | Monastery |
| 14:49 | Create | Villager (Male) |
| 15:03 | Create | Villager (Male) |
| 15:12 | Build | Town Center |
| 15:17 | Create | Villager (Male) |
| 15:32 | Create | Villager (Male) |
| 15:41 | Create | Monk |
| 15:52 | Create | Villager (Male) |
| 16:17 | Create | Villager (Male) |
| 16:23 | Create | Villager (Male) |
| 16:29 | Create | Monk |
| 16:41 | Create | Villager (Male) |
| 16:44 | Build | Town Center |
| 16:46 | Create | Villager (Male) |
| 16:50 | Create | Villager (Male) |
| 16:51 | Create | Villager (Male) |
| 17:02 | Research | Heavy Plow |
| 17:02 | Research | Heavy Plow |
| 17:03 | Create | Villager (Male) |
| 17:17 | Create | Villager (Male) |
| 17:41 | Build | Farm |
| 17:44 | Build | Farm |
| 17:47 | Build | Farm |
| 17:47 | Create | Villager (Male) |
| 17:49 | Create | Villager (Male) |
| 18:02 | Create | Villager (Male) |
| 18:02 | Create | Villager (Male) |
| 18:06 | Create | Villager (Male) |
| 18:09 | Build | Farm |
| 18:12 | Build | Farm |
| 18:13 | Create | Villager (Male) |
| 18:13 | Create | Villager (Male) |
| 18:17 | Create | Villager (Male) |
| 18:29 | Build | House |
| 18:37 | Build | House |
| 18:38 | Build | House |
| 18:40 | Create | Villager (Male) |
| 18:40 | Create | Villager (Male) |
| 19:01 | Build | Mill |
| 19:05 | Build | Farm |
| 19:06 | Build | Farm |
| 19:09 | Research | Bow Saw |
| 19:09 | Research | Bow Saw |
| 19:14 | Create | Villager (Male) |
| 19:14 | Create | Villager (Male) |
| 19:25 | Create | Villager (Male) |
| 19:32 | Build | Farm |
| 19:34 | Build | Farm |
| 19:36 | Create | Villager (Male) |
| 19:42 | Create | Villager (Male) |
| 19:48 | Create | Villager (Male) |
| 19:50 | Build | Farm |
| 19:54 | Build | Lumber Camp |
| 19:55 | Create | Villager (Male) |
| 20:05 | Create | Villager (Male) |
| 20:08 | Build | Farm |
| 20:09 | Build | Farm |
| 20:13 | Build | Farm |
| 20:13 | Build | Farm |
| 20:18 | Create | Villager (Male) |
| 20:30 | Create | Villager (Male) |
| 20:32 | Build | Farm |
| 20:35 | Create | Villager (Male) |
| 20:45 | Create | Villager (Male) |
| 20:50 | Build | University |
| 20:51 | Build | House |
| 20:52 | Build | House |
| 20:54 | Create | Villager (Male) |
| 20:59 | Create | Villager (Male) |
| 21:02 | Build | House |
| 21:04 | Build | House |
| 21:07 | Create | Villager (Male) |
| 21:10 | Create | Villager (Male) |
| 21:13 | Build | Mill |
| 21:14 | Build | Farm |
| 21:15 | Create | Villager (Male) |
| 21:25 | Create | Villager (Male) |
| 21:35 | Research | Wheelbarrow |
| 21:46 | Create | Villager (Male) |
| 21:53 | Create | Villager (Male) |
| 21:55 | Build | Farm |
| 21:56 | Build | Farm |
| 21:57 | Build | Farm |
| 21:58 | Build | Farm |
| 22:02 | Build | Farm |
| 22:02 | Build | Farm |
| 22:03 | Build | Farm |
| 22:37 | Build | House |
| 22:38 | Build | House |
| 22:38 | Build | House |
| 22:41 | Research | Imperial Age |
Build order — Wazded
First 150 of 406 actions detected
| 0:01 | Create | Villager (Male) |
| 0:01 | Create | Villager (Male) |
| 0:01 | Create | Villager (Male) |
| 0:01 | Create | Villager (Male) |
| 0:02 | Build | House |
| 0:04 | Build | House |
| 1:10 | Create | Villager (Male) |
| 1:11 | Create | Villager (Male) |
| 1:46 | Build | Lumber Camp |
| 1:54 | Create | Villager (Male) |
| 1:55 | Create | Villager (Male) |
| 2:10 | Create | Villager (Male) |
| 2:10 | Create | Villager (Male) |
| 2:11 | Create | Villager (Male) |
| 2:43 | Create | Villager (Male) |
| 2:44 | Create | Villager (Male) |
| 2:44 | Create | Villager (Male) |
| 3:07 | Create | Villager (Male) |
| 3:07 | Create | Villager (Male) |
| 3:07 | Create | Villager (Male) |
| 3:38 | Build | Mill |
| 3:43 | Create | Villager (Male) |
| 3:43 | Create | Villager (Male) |
| 3:58 | Create | Villager (Male) |
| 3:58 | Create | Villager (Male) |
| 4:19 | Create | Villager (Male) |
| 4:19 | Create | Villager (Male) |
| 4:20 | Create | Villager (Male) |
| 4:43 | Create | Villager (Male) |
| 4:43 | Create | Villager (Male) |
| 4:43 | Create | Villager (Male) |
| 4:55 | Create | Villager (Male) |
| 4:56 | Create | Villager (Male) |
| 5:06 | Build | Mill |
| 5:37 | Create | Villager (Male) |
| 5:38 | Create | Villager (Male) |
| 5:38 | Create | Villager (Male) |
| 5:38 | Create | Villager (Male) |
| 5:58 | Create | Villager (Male) |
| 5:58 | Create | Villager (Male) |
| 5:58 | Create | Villager (Male) |
| 6:34 | Create | Villager (Male) ×2 |
| 6:34 | Create | Villager (Male) ×2 |
| 6:34 | Create | Villager (Male) ×2 |
| 6:52 | Build | Mining Camp |
| 7:52 | Create | Villager (Male) |
| 7:52 | Create | Villager (Male) |
| 8:42 | Research | Feudal Age |
| 9:19 | Create | Villager (Male) |
| 9:19 | Create | Villager (Male) |
| 9:53 | Build | House |
| 10:56 | Age | Feudal Age |
| 10:57 | Build | Market |
| 10:59 | Build | Blacksmith |
| 11:45 | Research | Castle Age |
| 11:52 | Build | House |
| 12:38 | Research | Double-Bit Axe |
| 13:06 | Research | Horse Collar |
| 14:26 | Research | Loom |
| 14:26 | Age | Castle Age |
| 14:30 | Build | Town Center |
| 14:31 | Research | Heavy Plow |
| 14:35 | Build | Town Center |
| 14:54 | Build | Farm |
| 14:55 | Build | Farm |
| 14:57 | Build | Farm |
| 14:58 | Build | Farm |
| 15:00 | Build | Farm |
| 15:07 | Build | Farm |
| 15:21 | Build | Farm |
| 15:38 | Create | Villager (Male) |
| 15:42 | Build | Farm |
| 15:52 | Create | Villager (Male) |
| 16:00 | Create | Villager (Male) |
| 16:17 | Build | Castle |
| 16:21 | Create | Villager (Male) |
| 16:21 | Create | Villager (Male) |
| 16:21 | Create | Villager (Male) |
| 16:23 | Build | Farm |
| 16:27 | Build | Farm |
| 16:27 | Build | Farm |
| 16:33 | Create | Villager (Male) |
| 16:33 | Create | Villager (Male) |
| 16:33 | Create | Villager (Male) |
| 16:45 | Create | Villager (Male) |
| 16:48 | Build | Farm |
| 16:59 | Create | Villager (Male) |
| 17:00 | Create | Villager (Male) |
| 17:02 | Build | Farm |
| 17:12 | Build | Farm |
| 17:12 | Create | Villager (Male) |
| 17:13 | Create | Villager (Male) |
| 17:13 | Create | Villager (Male) |
| 17:13 | Create | Villager (Male) |
| 17:25 | Create | Villager (Male) |
| 17:25 | Create | Villager (Male) |
| 17:25 | Create | Villager (Male) |
| 17:26 | Create | Villager (Male) |
| 17:26 | Create | Villager (Male) |
| 17:34 | Build | Farm |
| 17:39 | Build | Farm |
| 17:41 | Create | Villager (Male) |
| 17:41 | Create | Villager (Male) |
| 17:41 | Create | Villager (Male) |
| 17:42 | Create | Villager (Male) |
| 17:56 | Build | Farm |
| 18:13 | Research | Bow Saw |
| 18:14 | Create | Villager (Male) |
| 18:14 | Create | Villager (Male) |
| 18:14 | Create | Villager (Male) |
| 18:35 | Build | Mill |
| 18:37 | Create | Villager (Male) |
| 18:37 | Create | Villager (Male) |
| 18:37 | Create | Villager (Male) |
| 18:38 | Create | Villager (Male) |
| 18:38 | Create | Villager (Male) |
| 18:46 | Build | Farm |
| 18:46 | Build | Farm |
| 18:47 | Build | Farm |
| 18:47 | Build | Farm |
| 18:51 | Create | Villager (Male) |
| 18:51 | Create | Villager (Male) |
| 18:51 | Create | Villager (Male) |
| 18:51 | Create | Villager (Male) |
| 18:58 | Build | Farm |
| 19:05 | Create | Villager (Male) |
| 19:05 | Create | Villager (Male) |
| 19:06 | Create | Villager (Male) |
| 19:09 | Build | Farm |
| 19:11 | Build | Farm |
| 19:14 | Create | Villager (Male) |
| 19:14 | Create | Villager (Male) |
| 19:14 | Create | Villager (Male) |
| 19:17 | Build | Farm |
| 19:20 | Create | Villager (Male) |
| 19:20 | Create | Villager (Male) |
| 19:20 | Create | Villager (Male) |
| 19:21 | Create | Villager (Male) |
| 19:24 | Build | Farm |
| 19:35 | Research | Stone Mining |
| 19:42 | Research | Wheelbarrow |
| 19:44 | Create | Villager (Male) |
| 19:44 | Create | Villager (Male) |
| 19:45 | Create | Villager (Male) |
| 19:45 | Create | Villager (Male) |
| 19:53 | Create | Villager (Male) |
| 19:53 | Create | Villager (Male) |
| 19:53 | Create | Villager (Male) |
| 19:53 | Create | Villager (Male) |
| 19:59 | Build | Farm |
Match timeline
| 8:52 | ForVengeance · first_building Barracks |
| 10:56 | Wazded · age_up feudal |
| 10:58 | ForVengeance · age_up feudal |
| 11:01 | ForVengeance · first_building Stable |
| 14:26 | Wazded · age_up castle |
| 14:40 | ForVengeance · age_up castle |
| 14:48 | ForVengeance · first_building Monastery |
| 16:17 | Wazded · first_building Castle |
| 22:35 | Wazded · first_building Barracks |
| 25:08 | Wazded · first_market_sell 100 food |
| 25:47 | ForVengeance · first_building Castle |
| 25:51 | ForVengeance · age_up imperial |
| 27:46 | ForVengeance · first_building Archery Range |
| 28:31 | Wazded · first_building Stable |
| 28:43 | Wazded · age_up imperial |
| 30:37 | ForVengeance · wall_segment Stone Wall x6 |
| 30:54 | ForVengeance · first_building Siege Workshop |
| 31:33 | ForVengeance · wall_segment Stone Wall x4 |
| 33:10 | ForVengeance · first_market_sell 500 wood |
| 34:23 | ForVengeance · first_market_buy 100 food |
| 34:34 | Wazded · first_building Siege Workshop |
| 36:51 | Wazded · first_building Archery Range |
| 45:33 | Wazded · resign |
[ AI ANALYSIS · 1 CREDIT ]
What really happened in this match?
Wolo.gg analyzes every decision: build order, eco, micro, common mistakes by bracket. Personalized analysis on WhatsApp or Discord in 30 seconds.
Civ guide
Poles
Map guide
Arena
Perfil
ForVengeance